details: 'Sypher vs ud'

« prev index next »

General information

Mini Map

Players

team 1
OrcShawnWiggs (orange | 178 APM | 3572 actions | 20:06)
Hero icon 4 Blademaster
Ability icon 2 Wind Walk
Ability icon 2 Critical Strike
Hero icon 4 Shadow Hunter
Ability icon 2 Hex
Ability icon 2 Healing Wave

» actions
Assign group hotkey413
Basic commands289
Build / train64
ESC pressed1
Enter build submenu16
Enter hero's abilities submenu8
Give item / drop item5
Right click983
Select / deselect304
Select group hotkey1398
Use ability91
3572 total
» units
Peon13
Grunt5
Raider3
Wind Rider6
27 total
» upgrades
Ensnare1
Envenomed Spears1
Reinforced Defenses1
3 total
» buildings
Altar of Storms1
Orc Burrow7
Barracks1
Voodoo Lounge1
Stronghold3
Beastiary2
Fortress3
Great Hall1
War Mill1
20 total
» build order
00:05 Altar of Storms
00:17 Orc Burrow
00:35 Barracks
01:43 Orc Burrow
02:06 Voodoo Lounge
03:00 Stronghold
03:00 Stronghold
03:59 Orc Burrow
05:27 Beastiary
05:57 Beastiary
06:27 Orc Burrow
08:56 Orc Burrow
09:00 Fortress
09:01 Fortress
09:53 Great Hall
12:54 Orc Burrow
14:38 Orc Burrow
15:40 War Mill
» items
Healing Salve4
Scroll of Speed1
Boots of Speed2
Lesser Clarity Potion2
Scroll of Town Portal2
Orb of Lightning1
Tiny Great Hall1
Potion of Lesser Invulnerability1
14 total
team 2
Undeadorin (purple | 68 APM | 1370 actions | 20:02)
Hero icon 3 Death Knight
Ability icon 2 Death Coil
Ability icon 1 Unholy Aura
Hero icon 2 Lich
Ability icon 1 Frost Nova
Ability icon 1 Frost Armor
Hero icon 1 Dark Ranger
Ability icon 1 Silence

» actions
Assign group hotkey27
Basic commands192
Build / train47
ESC pressed3
Enter build submenu18
Enter hero's abilities submenu7
Give item / drop item2
Right click610
Select / deselect293
Select group hotkey120
Use ability51
1370 total
» units
Acolyte6
Ghoul2
Crypt Fiend9
Obsidian Statue1
Frost Wyrm4
22 total
» upgrades
Web1
Freezing Breath2
3 total
» buildings
Crypt1
Graveyard1
Ziggurat5
Altar of Darkness1
Nerubian Tower1
Tomb of Relics2
Halls of the Dead1
Slaughterhouse1
Black Citadel1
Sacrificial Pit1
Boneyard2
17 total
» build order
00:09 Crypt
00:11 Graveyard
00:23 Ziggurat
01:13 Altar of Darkness
02:07 Nerubian Tower
02:22 Ziggurat
02:40 Tomb of Relics
03:40 Halls of the Dead
04:36 Ziggurat
06:24 Slaughterhouse
06:50 Black Citadel
09:45 Tomb of Relics
10:57 Sacrificial Pit
11:32 Ziggurat
11:58 Boneyard
15:45 Ziggurat
16:36 Boneyard
» items
Rod of Necromancy1
Scroll of Town Portal4
Potion of Healing2
Dust of Appearance1
Potion of Lesser Invulnerability1
Orb of Corruption1
10 total